 Dungeon Crawl Stone Soup version 0.28-a0-1130-gc51a68064b (webtiles) character file.

Game seed: 4161918338106125733

107 mcbry74 the Insei (level 4, -4/32 HPs)
             Began as a Merfolk Transmuter on Dec 12, 2021.
             Slain by an orc (7 damage)
             ... on level 3 of the Dungeon.
             The game lasted 00:10:05 (3486 turns).

mcbry74 the Insei (Merfolk Transmuter)              Turns: 3486, Time: 00:10:06

Health: -4/32      AC:  2    Str: 12    XL:     4   Next: 86%
Magic:  7/7        EV: 12    Int: 12    God:
Gold:   46         SH:  0    Dex: 14    Spells: 3/7 levels left

rFire   . . .      SeeInvis .     - Unarmed
rCold   . . .      Faith    .   (no shield)
rNeg    . . .      Spirit   .   a - +0 robe
rPois   .          Reflect  .   (helmet currently unavailable)
rElec   .          Harm     .   (no cloak)
rCorr   .          Rampage  .   (no gloves)
Will    .....                   (boots currently unavailable)
Stlth   +.........              (no amulet)
HPRegen 0.10/turn               (no ring)
MPRegen 0.10/turn               (no ring)

@: appendages (expiring)
A: horns 2, (nimble swimmer 2), mertail
a: End Transformation


You were on level 3 of the Dungeon.
You had temporarily grown beastly horns.
You visited 1 branch of the dungeon, and saw 3 of its levels.

You collected 46 gold pieces.

Inventory:

Missiles
 j - 13 poisoned darts
 l - 15 sling bullets
Armour
 a - a +0 robe (worn)
 k - a +0 kite shield
Magical Staves
 c - a staff of death
 m - a staff of fire
Scrolls
 b - a scroll of holy word {unknown}
 d - 2 scrolls of enchant armour {unknown}
 f - a scroll of enchant weapon {unknown}
 g - a scroll of fear {unknown}
 i - 2 scrolls of identify {unknown}
 n - a scroll of teleportation {unknown}
 o - a scroll of blinking {unknown}
Potions
 e - a potion of curing
 h - a potion of attraction {unknown}


   Skills:
 - Level 1.1 Fighting
 - Level 2.6 Dodging
 + Level 5.4 Unarmed Combat
 - Level 2.0 Spellcasting
 + Level 3.6 Transmutations
 + Level 0.5 Poison Magic


You had 3 spell levels left.
You knew the following spells:

 Your Spells              Type           Power      Damage    Failure   Level
a - Beastly Appendage     Tmut           18%        N/A       6%          1
b - Spider Form           Tmut/Pois      6%         N/A       34%         3

Your spell library contained the following spells:

 Spells                   Type           Power      Damage    Failure   Level
 Wereblood                Tmut           9%         N/A       10%         2
 Static Discharge         Conj/Air       1%         N/A       38%         2
 Ice Form                 Ice/Tmut       5%         N/A       78%         4
 Dispel Undead            Necr           1%         3d6       95%         4
 Sticky Flame             Conj/Fire      1%         2d3       95%         4


Dungeon Overview and Level Annotations

Branches:
Dungeon (3/15)

Altars:
Elyvilon

Shops:
D:1 !(**   D:3 :

Annotations:
D:2 Sigmund
D:3 2 transporters, Terence


Innate Abilities, Weirdness & Mutations

You have temporarily grown beastly horns.
((You are quick and stealthy near water. (Stealth+, EV+, Speed+++)))
Your lower body shifts to a powerful aquatic tail in water.


Message History

The orc hits you from afar with a +0 trident.
You closely miss the orc. The orc barely misses you. The orc misses you.
You hit the orc.
The orc is lightly wounded.
The orc completely misses you.
The orc hits you from afar with a +0 trident.
You hit the orc.
The orc is heavily wounded.
The orc barely misses you.
You punch the orc!
You kill the orc!
The orc hits you from afar with a +0 trident.
You hit the orc.
The orc is almost dead.
The orc closely misses you. The orc barely misses you.
You punch the orc!
You kill the orc!
The orc hits you from afar with a +0 trident.
You hit the ball python but do no damage.
Your transformation is almost over.
The ball python bites you but does no damage.
The ball python misses you. The orc closely misses you.
The orc barely misses you.
You hit the ball python.
You kill the ball python!
The orc barely misses you.
The orc hits you from afar with a +0 trident.
The orc hits you but does no damage.
The orc hits you from afar with a +0 trident!
You hit the orc.
The orc is lightly wounded.
The orc hits you with a +0 trident.
The orc hits you from afar with a +0 trident.
* * * LOW HITPOINT WARNING * * *
You hit the orc.
You kill the orc!
The orc hits you from afar with a +0 trident.
* * * LOW HITPOINT WARNING * * *
The orc hits you with a +0 trident!
You die...

#........#####
###......# #......#
#......# #......#
##...### ##..# #.o#
##@# #.##
################..#
..................##
.###############...#
.#8P#≈≈≈≈≈≈≈#P8#.#.###
.#..#.......#..#.....#
©#©/+...⌠...+!©#©....#
.#..#(......#..#.....#


You could see an orc.

Vanquished Creatures
  A hound skeleton (D:3)
  2 adders (D:2)
  2 worms (D:2)
  A dart slug (D:2)
  4 orcs (D:3)
  A ball python (D:3)
  8 bats
  3 endoplasms
  A giant cockroach (D:1)
  3 goblins
  7 hobgoblins
  8 jackals
  2 kobolds
  5 quokkas
  3 frilled lizards
  7 rats
58 creatures vanquished.

Notes
Turn   | Place    | Note
-------+----------+-------------------------------------------
     0 | D:1      | mcbry74 the Merfolk Transmuter began the quest for the Orb.
     0 | D:1      | Reached XP level 1. HP: 15/15 MP: 3/3
   170 | D:1      | Found Huphuh's Weapon Shoppe.
   186 | D:1      | Reached XP level 2. HP: 21/21 MP: 5/5
   199 | D:1      | Found Unnabom's Distillery.
   277 | D:1      | Reached skill level 4 in Unarmed Combat
   412 | D:1      | Found Vyuluuloty's Assorted Antiques.
   840 | D:1      | Found Deekh's General Store.
  1290 | D:1      | Reached XP level 3. HP: 17/26 MP: 6/6
  1474 | D:2      | Noticed Sigmund
  1778 | D:2      | Reached skill level 5 in Unarmed Combat
  1967 | D:2      | Learned a level 3 spell: Spider Form
  2130 | D:2      | Reached XP level 4. HP: 30/32 MP: 7/7
  2192 | D:2      | HP: 1/32 [adder (3)]
  2763 | D:2      | Found a faded altar of an unknown god.
  2852 | D:2      | Found a white marble altar of Elyvilon.
  2956 | D:3      | Noticed a scorpion
  2958 | D:3      | Noticed Terence
  3234 | D:3      | Found a transporter.
  3251 | D:3      | Found a transporter.
  3319 | D:3      | Found Igirreu's Book Boutique.
  3486 | D:3      | Slain by an orc

Illustrated notes

Levels and vault maps discovered:
D:1:      eino_arrival_water_star, layout_basic, serial_shops, shop, shop,
          nicolae_shop_statue_plus, shop, minmay_split_cup_large
D:2:      layout_loops_cross, basic_altar, ebering_ecumenical_altar_webs,
          uniq_sigmund
D:3:      gammafunk_steamed_eel, layout_basic, serial_shops, nicolae_shop_stone,
          nicolae_shop_bloodbath_and_beyond, shop_statue,
          roderic_serpentine_path, uniq_terence, uniq_robin

Skill      XL: |  1  2  3  4 |
---------------+-------------+-----
Unarmed Combat | 4 5 |  5.4
Transmutations | 3 |  3.6
Fighting       | |  1.1
Dodging        | |  2.6
Spellcasting   | |  2.0
Poison Magic   | |  0.5

Action                   |  1- 3 |  4- 6 || total
-------------------------+-------+-------++-------
Melee: Unarmed           |   153 |    71 ||   224
       Headbutt          |     3 |     3 ||     6
       Punch             |     3 |     1 ||     4
 Cast: Beastly Appendage |     1 |     4 ||     5
  Use: Potion            |       |     1 ||     1
 Stab: Sleeping          |     3 |     1 ||     4
Armor: Robe              |    40 |    25 ||    65
Dodge: Dodged            |   108 |    65 ||   173

Table legend: (Time is in decaauts)
 A = Elapsed time spent in this place.
 B = Non-inter-level travel time spent in this place.
 C = Inter-level travel time spent in this place.
 D = Time resting spent in this place.
 E = Time spent auto-exploring this place.
 F = Levels seen in this place.
 G = Mean time per level.
                   A        B        C        D        E       F      G
               +--------+--------+--------+--------+--------+-----+--------+
         Total |   3467 |   3391 |     76 |   1353 |   1323 |   3 | 1155.7 |
       Dungeon |   3467 |   3391 |     76 |   1353 |   1323 |   3 | 1155.7 |
               +--------+--------+--------+--------+--------+-----+--------+

Top non-repeatable levels by time:
     D:2: 1642 daAuts
     D:1: 1498 daAuts
     D:3: 326 daAuts
